 Dungeon Crawl Stone Soup version 0.30.1-3-gfc49f6343a (webtiles) character file.

Game seed: 2266659664020567111

140 FishyPogo the Insei (level 5, 0/61 HPs)
             Began as a Gnoll Transmuter on July 23, 2023.
             Was a Follower of Lugonu.
             Succumbed to a water moccasin's poison
             ... on level 6 of the Dungeon.
             The game lasted 00:11:46 (2261 turns).

FishyPogo the Insei (Gnoll Transmuter)              Turns: 2261, Time: 00:11:46

Health: 0/61       AC: 22    Str: 16    XL:     5   Next: 23%
Magic:  12/12      EV:  2    Int: 14    God:    Lugonu [*.....]
Gold:   125        SH:  0    Dex: 18    Spells: 6/14 levels left

rFire   . .          .
                       - Unarmed
rCold   . . .        (no shield)
rNeg    . . .        a - melded +1 robe
rPois   +            (helmet currently unavailable)
rElec   .            (cloak currently unavailable)
rCorr   .            (gloves currently unavailable)
SInv    .            (boots currently unavailable)
Will    .....        (no amulet)
Stlth   ++           o - +6 ring of strength
HPRegen 0.30/turn    t - +6 ring of dexterity
MPRegen 0.13/turn

%: no passive effects
@: lethally poisoned (0 -> -8), tree-form
A: stationary, stasis, torment immunity, boosted hp, (fangs 1), strong nose,
distributed training
a: Renounce Religion, Depart the Abyss


You were on level 6 of the Dungeon.
You worshipped Lugonu.
Lugonu was aware of your devotion.
You were a tree.
You visited 1 branch of the dungeon, and saw 4 of its levels.

You collected 125 gold pieces.

Inventory:

Missiles
 e - 40 stones (quivered)
Armour
 a - a +1 robe (melded)
Magical Staves
 q - a staff of air
Jewellery
 g - a ring of ice
 o - a +6 ring of strength (left branch)
 t - a +6 ring of dexterity (right branch)
Scrolls
 c - 2 scrolls of acquirement
 f - a scroll of identify
 p - a scroll of enchant weapon {unknown}
 r - a scroll of butterflies {unknown}
 s - a scroll of teleportation
Potions
 i - a potion of cancellation {unknown}
 l - a potion of curing {unknown}
 u - a potion of haste {unknown}


   Skills:
 + Level 3.0 Fighting
 + Level 1.4 Short Blades
 + Level 1.4 Long Blades
 + Level 1.4 Axes
 + Level 1.4 Maces & Flails
 + Level 1.4 Polearms
 + Level 1.4 Staves
 + Level 1.4 Ranged Weapons
 + Level 1.4 Throwing
 + Level 1.4 Armour
 + Level 4.8 Dodging
 + Level 1.4 Stealth
 + Level 1.4 Shields
 + Level 6.7 Unarmed Combat
 + Level 5.2 Spellcasting
 + Level 1.1 Conjurations
 + Level 1.1 Hexes
 + Level 1.1 Summonings
 + Level 1.1 Necromancy
 + Level 1.1 Translocations
 + Level 3.9 Transmutations
 + Level 1.1 Fire Magic
 + Level 1.1 Ice Magic
 + Level 1.1 Air Magic
 + Level 1.1 Earth Magic
 + Level 1.1 Poison Magic
 + Level 1.6 Invocations
 + Level 1.4 Evocations


You had 6 spell levels left.
You knew the following spells:

 Your Spells              Type           Power      Damage    Failure   Level
a - Beastly Appendage     Tmut           28%        N/A       3%          1
b - Wereblood             Tmut           14%        N/A       4%          2
c - Spider Form           Tmut/Pois      10%        N/A       19%         3
d - Ensorcelled Hibernat  Hex/Ice        12%        N/A       16%         2

Your spell library contained the following spells:

 Spells                   Type           Power      Damage    Failure   Level
 Inner Flame              Hex/Fire       6%         N/A       32%         3
 Portal Projectile        Hex/Tloc       12%        N/A       32%         3
 Tukima's Dance           Hex            6%         N/A       32%         3
 Ice Form                 Ice/Tmut       10%        N/A       52%         4
 Blade Hands              Tmut           7%         N/A       67%         5
 Anguish                  Hex/Necr       3%         N/A       71%         4
 Borgnjor's Vile Clutch   Necr/Erth      3%         N/A       96%         5
 Discord                  Hex            3%         N/A       100%        8


Dungeon Overview and Level Annotations

Branches:
Dungeon (6/15)
 Temple: D:4-7

Altars:
Yredelemnul
Lugonu


Innate Abilities, Weirdness & Mutations

You are a tree.
Your roots penetrate the ground, keeping you stationary.
You cannot be teleported.
You are immune to unholy pain and torment.
Your maximum health is greatly increased.
Your equipment is partially melded.
((You have very sharp teeth.))
Your uncanny sense of smell can sniff out nearby items.
Your experience applies equally to all skills.


Message History

As you read the scroll labelled UTTANA WUWUNLE, it crumbles to dust.
It is a scroll of enchant armour.
Your +0 robe glows green for a moment.
You feel very sick. The water moccasin bites you.
* * * LOW HITPOINT WARNING * * *
You are more poisoned.
The water moccasin poisons you!
You feel much better.
You feel extremely sick.
The water moccasin completely misses you.
The water moccasin bites you!
Really quaff the potion of lignification?
You turn into a tree.
Your +1 robe melds into your body.
Your roots penetrate the ground.
* * * LOW HITPOINT WARNING * * *
You feel very sick.
The water moccasin bites you but does no damage.
You closely miss the water moccasin.
The water moccasin is heavily wounded.
* * * LOW HITPOINT WARNING * * *
You feel very sick.
The water moccasin bites you but does no damage.
You barely miss the water moccasin.
The water moccasin is moderately wounded.
* * * LOW HITPOINT WARNING * * *
You feel very sick. The water moccasin barely misses you.
You closely miss the water moccasin.
The water moccasin is moderately wounded.
* * * LOW HITPOINT WARNING * * *
You feel very sick.
The water moccasin bites you but does no damage. x2
It was a potion of flight.
Your roots keep you in place.
* * * LOW HITPOINT WARNING * * *
You feel very sick. The water moccasin bites you.
* * * LOW HITPOINT WARNING * * *
It was a potion of magic.
Magic courses through your body.
You die...

#.## #.#.#
######... ..#.#
........# #.#
........#######.#
..............#.#
..........# #.#.#
#.# #.#.#
#S#####.#.#
#.♣.......#
#.#####.###
#.#####.#
#.......#
#########


You could see a water moccasin.

Vanquished Creatures
  4 gnolls (D:2)
  4 adders
  A white imp (D:6)
  3 worms (D:2)
  3 dart slugs
  5 endoplasms
  A giant cockroach (D:3)
  A goblin (D:2)
  5 hobgoblins
  2 kobolds
  A quokka (D:3)
  5 ball pythons
  3 bats
  6 frilled lizards
  6 rats
50 creatures vanquished.

Notes
Turn   | Place    | Note
-------+----------+-------------------------------------------
     0 | D:1      | FishyPogo the Gnoll Transmuter began the quest for the Orb.
     0 | D:1      | Reached XP level 1. HP: 17/17 MP: 6/6
   235 | D:1      | Reached XP level 2. HP: 16/23 MP: 5/7
   238 | D:1      | Learned a level 2 spell: Wereblood
   935 | D:2      | Found a basalt altar of Yredelemnul.
  1007 | D:2      | Reached skill level 5 in Spellcasting
  1007 | D:2      | Reached XP level 3. HP: 28/28 MP: 6/9
  1011 | D:2      | Learned a level 3 spell: Spider Form
  1014 | D:2      | Found a faded altar of an unknown god.
  1028 | D:2      | Prayed at the altar of an unknown god.
  1028 | D:2      | Became a worshipper of Lugonu the Unformed
  1028 | D:2      | Reached * piety under Lugonu
  1152 | D:2      | Reached skill level 1 in Invocations
  1166 | D:2      | Reached skill level 1 in Short Blades
  1166 | D:2      | Reached skill level 1 in Long Blades
  1166 | D:2      | Reached skill level 1 in Axes
  1166 | D:2      | Reached skill level 1 in Maces & Flails
  1166 | D:2      | Reached skill level 1 in Polearms
  1166 | D:2      | Reached skill level 1 in Staves
  1166 | D:2      | Reached skill level 1 in Ranged Weapons
  1166 | D:2      | Reached skill level 1 in Throwing
  1166 | D:2      | Reached skill level 1 in Armour
  1166 | D:2      | Reached skill level 1 in Stealth
  1166 | D:2      | Reached skill level 1 in Shields
  1166 | D:2      | Reached skill level 1 in Evocations
  1210 | D:2      | Reached XP level 4. HP: 28/34 MP: 4/11
  1298 | D:2      | Reached skill level 1 in Conjurations
  1298 | D:2      | Reached skill level 1 in Hexes
  1298 | D:2      | Reached skill level 1 in Summonings
  1298 | D:2      | Reached skill level 1 in Necromancy
  1298 | D:2      | Reached skill level 1 in Translocations
  1298 | D:2      | Reached skill level 1 in Fire Magic
  1298 | D:2      | Reached skill level 1 in Ice Magic
  1298 | D:2      | Reached skill level 1 in Air Magic
  1298 | D:2      | Reached skill level 1 in Earth Magic
  1298 | D:2      | Reached skill level 1 in Poison Magic
  1496 | D:2      | Got the Secrets of Morbid Charms
  2010 | D:3      | Reached XP level 5. HP: 40/40 MP: 8/12
  2141 | D:3      | Learned a level 2 spell: Ensorcelled Hibernation
  2179 | D:3      | You fall into a shaft and drop 3 floors!
  2197 | D:6      | Identified 2 scrolls of acquirement
  2244 | D:6      | Noticed a water moccasin
  2260 | D:6      | HP: 2/61 [water moccasin (2)]
  2261 | D:6      | Succumbed to a water moccasin's poison

Illustrated notes

Levels and vault maps discovered:
D:1:      spicycebolla_arrival_xxxplode, layout_loops_ring,
          roderic_roman_lattice
D:2:      wander_river, layout_loops_ring,
          shapermc_ecumenical_altar_mp_urbaneastern, basic_altar, nicolae_titane
D:3:      minmay_wonky_spiral, layout_basic, st_stairs_12, minmay_pentangle
D:6:      layout_basic, mainiacjoe_overflow_six_doors_small,
          portal_sewer_entry_b

Skill      XL: |  1  2  3  4  5 |
---------------+----------------+-----
Spellcasting   | 5 |  5.2
Invocations    | 1 |  1.6
Short Blades   | 1 |  1.4
Long Blades    | 1 |  1.4
Axes           | 1 |  1.4
Maces & Flails | 1 |  1.4
Polearms       | 1 |  1.4
Staves         | 1 |  1.4
Ranged Weapons | 1 |  1.4
Throwing       | 1 |  1.4
Armour         | 1 |  1.4
Stealth        | 1 |  1.4
Shields        | 1 |  1.4
Evocations     | 1 |  1.4
Conjurations   | 1 |  1.1
Hexes          | 1 |  1.1
Summonings     | 1 |  1.1
Necromancy     | 1 |  1.1
Translocations | 1 |  1.1
Fire Magic     | 1 |  1.1
Ice Magic      | 1 |  1.1
Air Magic      | 1 |  1.1
Earth Magic    | 1 |  1.1
Poison Magic   | 1 |  1.1
Fighting       | 3 |  3.0
Dodging        | |  4.8
Unarmed Combat | |  6.7
Transmutations | |  3.9

Action                     |  1- 3 |  4- 6 || total
---------------------------+-------+-------++-------
  Melee: Unarmed           |    63 |    52 ||   115
         Kick              |    14 |     9 ||    23
         Headbutt          |     7 |    10 ||    17
         Punch             |     3 |       ||     3
         Bite              |     4 |     5 ||     9
  Throw: Stone             |     1 |     1 ||     2
   Cast: Beastly Appendage |    23 |    12 ||    35
         Wereblood         |     1 |     2 ||     3
         Spider Form       |     1 |       ||     1
         Ensorcelled Hiber |       |     4 ||     4
    Use: Scroll            |       |     5 ||     5
         Potion            |       |     5 ||     5
   Stab: Sleeping          |     1 |     2 ||     3
 Armour: Robe              |     7 |     5 ||    12
         Skin              |       |     4 ||     4
  Dodge: Dodged            |    34 |    28 ||    62
